 Dungeon Crawl Stone Soup version 0.30-a0-169-g06f667207d (webtiles) character file.

Game seed: 3466571479602738831

217 qw the Chopper (level 5, 0/32 HPs)
             Began as a Gargoyle Fighter on Sept 29, 2022.
             Slain by Grinder (1 damage)
             ... on level 4 of the Dungeon.
             The game lasted 00:01:13 (3094 turns).

qw the Chopper (Gargoyle Fighter)                   Turns: 3094, Time: 00:01:14

Health: 0/32       AC: 16    Str: 22    XL:     5   Next: 94%
Magic:  5/5        EV:  6    Int:  8    God:
Gold:   170        SH:  4    Dex:  9    Spells: 4/4 levels left

rFire   . . .      SeeInvis .    Y - +0 war axe
rCold   . . .      Faith    .    c - +0 buckler
rNeg    + . .      Spirit   .    k - +0 plate armour
rPois   inf        Reflect  .    (no helmet)
rElec   +          Harm     .    (no cloak)
rCorr   +          Rampage  .    m - +0 pair of gloves
Will    .....                    (no boots)
Stlth   ..........               (no amulet)
HPRegen 0.10/turn                h - ring of resist corrosion
MPRegen 0.09/turn                (no ring)

@: no status effects
A: sickness immunity, AC +4, negative energy resistance 1, electricity
resistance, torment resistance 1, petrification resistance
a: no special abilities


You were on level 4 of the Dungeon.
You visited 1 branch of the dungeon, and saw 4 of its levels.

You collected 170 gold pieces.


Innate Abilities, Weirdness & Mutations

You are immune to sickness and miasma.
Your stone body is resilient. (AC +4)
You are immune to poison.
You resist negative energy. (rN+)
You are resistant to electric shocks. (rElec)
You are resistant to unholy torment.
You are immune to petrification.


   Skills:
 + Level 3.3 Fighting
 - Level 5.4 Axes
 - Level 3.2 Armour
 - Level 3.2 Shields


You had 4 spell levels left.
You didn't know any spells.
Your spell library was empty.

Inventory:

Hand Weapons
 j - a +0 flail
 Y - a +0 war axe (weapon)
Armour
 c - a +0 buckler (worn)
 k - a +0 plate armour (worn)
 m - a +0 pair of gloves (worn)
Jewellery
 h - a ring of resist corrosion (left hand)
Scrolls
 i - a scroll of identify
Potions
 a - a potion of haste {unknown}
 d - a potion of might
 e - 2 potions of curing
 g - a potion of cancellation {unknown}
 n - a potion of invisibility {unknown}

Dungeon Overview and Level Annotations

Branches:
Dungeon (4/15)
 Temple: D:4-7

Altars:
Dithmenos

Annotations:
D:4 Grinder


Message History

The goblin hits you but does no damage.
You hit the goblin.
You kill the goblin!
You hit Grinder but do no damage. Grinder hits you but does no damage.
You hit Grinder.
Grinder is lightly wounded.
Grinder hits you!
You closely miss Grinder.
Grinder is lightly wounded.
You block Grinder's attack. Grinder hits you but does no damage.
You barely miss Grinder.
Grinder is lightly wounded.
Grinder hits you.
You hit Grinder.
Grinder is moderately wounded.
Grinder gestures at you.
You suddenly lose the ability to move!
Grinder gestures at you. Pain shoots through your body!
You can move again.
You barely miss Grinder.
Grinder is moderately wounded.
Grinder closely misses you.
You barely miss Grinder.
Grinder is moderately wounded.
Grinder hits you.
You writhe in agony.
Grinder hits you.
You closely miss Grinder.
Grinder is moderately wounded.
Grinder hits you but does no damage.
You hit Grinder.
Grinder is moderately wounded.
Grinder hits you but does no damage.
You hit Grinder.
Grinder is heavily wounded.
Grinder barely misses you.
You barely miss Grinder.
Grinder is heavily wounded.
Grinder hits you! Grinder hits you.
You writhe in agony.
You die...

#...........####
...##..............
.....##.......##.#
.....# #.....>...##
#.... ##..........#
......#...........#
...................
..........5........
....#.@)........
...##.##........
... ## #....<... ##
#g...###. ...#...
.5####.. .## ..


You could see Grinder.

Vanquished Creatures
  A phantom (D:4)
  6 adders (D:3)
  2 worms
  2 dart slugs
  5 orcs (D:3)
  6 endoplasms
  3 giant cockroaches
  5 goblins
  7 hobgoblins
  4 jackals (D:2)
  2 kobolds
  4 quokkas
  8 ball pythons
  5 bats
  7 frilled lizards
  6 rats
73 creatures vanquished.

Notes
Turn   | Place    | Note
-------+----------+-------------------------------------------
     0 | D:1      | qw the Gargoyle Fighter began the quest for the Orb.
     0 | D:1      | Reached XP level 1. HP: 14/14 MP: 1/1
     0 | D:1      | 0 ||| qw: Version: 0.2-a-12-gaebbb33
     0 | D:1      | 0 ||| qw: Game counter: 1324
     0 | D:1      | 0 ||| qw: Always use a shield: true
     0 | D:1      | 0 ||| qw: God list: Okawaru
     0 | D:1      | 0 ||| qw: Allow faded altars: false
     0 | D:1      | 0 ||| qw: Do Orc after D:15 true
     0 | D:1      | 0 ||| qw: Do second Lair branch before Depths: true
     0 | D:1      | 0 ||| qw: Lair rune preference: random
     0 | D:1      | 0 ||| qw: Plans: Normal, Zot:1-4, God:TSO, Crypt, Tomb,
                  | Pan, Slime:5, Hells, Abyss, Orb
     0 | D:1      | 0 ||| PLANNING D:1-11
    29 | D:1      | Reached skill level 2 in Axes
    74 | D:1      | 74 ||| Stepping randomly (stuck).
    98 | D:1      | Reached XP level 2. HP: 19/19 MP: 2/2
   183 | D:1      | 183 ||| Stepping ~*~*~tactically~*~*~ (stealth).
   199 | D:1      | 199 ||| Stepping ~*~*~tactically~*~*~ (stealth).
   203 | D:1      | 203 ||| Stepping ~*~*~tactically~*~*~ (stealth).
   207 | D:1      | 207 ||| Stepping ~*~*~tactically~*~*~ (stealth).
   214 | D:1      | 214 ||| Stepping ~*~*~tactically~*~*~ (stealth).
   392 | D:1      | 392 ||| Stepping ~*~*~tactically~*~*~ (stealth).
   393 | D:1      | 393 ||| Stepping ~*~*~tactically~*~*~ (stealth).
   401 | D:1      | Reached skill level 3 in Axes
   406 | D:1      | Reached XP level 3. HP: 18/23 MP: 3/3
   570 | D:1      | 570 ||| DROPPING +0 club.
   776 | D:1      | Found a faded altar of an unknown god.
   804 | D:1      | 804 ||| READING scroll labelled HODEL ZANO.
  1111 | D:2      | Found a shadowy altar of Dithmenos.
  1124 | D:2      | 1124 ||| DROPPING +0 whip.
  1218 | D:2      | 1218 ||| Stepping ~*~*~tactically~*~*~ (stealth).
  1219 | D:2      | 1219 ||| Stepping ~*~*~tactically~*~*~ (stealth).
  1341 | D:2      | 1341 ||| Stepping ~*~*~tactically~*~*~ (stealth).
  1356 | D:2      | Reached XP level 4. HP: 28/28 MP: 4/4
  1680 | D:2      | 1680 ||| DROPPING orb of wrath.
  1681 | D:2      | 1681 ||| READING scroll labelled JIMMA EJIUPN.
  1682 | D:2      | 1682 ||| READING scroll labelled CIUGIU QEMAR.
  1683 | D:2      | 1683 ||| READING scroll labelled REAHOE PITIDD.
  1765 | D:3      | Reached skill level 4 in Axes
  2009 | D:3      | Identified the +0 robe of Jeoraf {Rampage rPois Will-
                  | Int+9}
  2221 | D:3      | Reached XP level 5. HP: 28/32 MP: 5/5
  2584 | D:3      | 2584 ||| Stepping ~*~*~tactically~*~*~ (stealth).
  2975 | D:3      | 2975 ||| UPGRADING to +0 plate armour.
  2985 | D:3      | 2985 ||| DROPPING +0 scale mail.
  2986 | D:3      | 2986 ||| UPGRADING to +0 pair of gloves.
  2991 | D:3      | 2991 ||| UPGRADING to ring of resist corrosion.
  2992 | D:3      | 2992 ||| READING 2 scrolls labelled BUTUIGERIY.
  2993 | D:3      | 2993 ||| READING 2 scrolls labelled QOSME ORUMUCWY.
  2994 | D:3      | 2994 ||| READING 2 scrolls labelled JYOKKOR QICKET.
  2995 | D:3      | 2995 ||| READING scroll labelled DEEWIURUEK.
  2996 | D:3      | 2996 ||| DRINKING 3 grey potions.
  2997 | D:3      | 2997 ||| DROPPING scroll of magic mapping.
  2998 | D:3      | 2998 ||| DROPPING scroll of blinking.
  3044 | D:4      | Noticed a phantom
  3058 | D:4      | Killed a phantom
  3059 | D:4      | Reached skill level 5 in Axes
  3075 | D:4      | Noticed Grinder
  3077 | D:4      | 3077 ||| Stepping ~*~*~tactically~*~*~ (hiding).
  3078 | D:4      | 3078 ||| Stepping ~*~*~tactically~*~*~ (hiding).
  3087 | D:4      | Paralysed by Grinder for 2 turns
  3094 | D:4      | HP: 5/32 [Grinder (8)]
  3094 | D:4      | HP: 1/32 [Grinder (4)]
  3094 | D:4      | Slain by Grinder

Levels and vault maps discovered:
D:1:      onia_arrival_handbag, layout_basic,
          shapermc_ecumenical_altar_mp_vishouse, minmay_pentomino_q4
D:2:      layout_loops_ring, basic_altar, minmay_hedge_maze
D:3:      layout_basic, bh_walls_and_bars
D:4:      layout_cave_pools, serial_demonic, serial_demonic_d, serial_demonic_d,
          serial_demonic_g, serial_demonic_g, minmay_gold_behind_fungi,
          uniq_crazy_yiuf_cottage, uniq_grinder, uniq_blork_the_orc,
          uniq_sigmund

Skill      XL: |  1  2  3  4  5 |
---------------+----------------+-----
Axes           | 2 3 4 5 |  5.4
Fighting       | |  3.3
Armour         | |  3.2
Shields        | |  3.2

Action                   |  1- 3 |  4- 6 || total
-------------------------+-------+-------++-------
Melee: War axe           |   109 |   146 ||   255
  Use: Scroll            |     1 |     7 ||     8
       Potion            |       |     1 ||     1
Armor: Scale mail        |    48 |    67 ||   115
       Plate armour      |       |    12 ||    12
Dodge: Dodged            |    47 |    55 ||   102
Block: Buckler           |    16 |    21 ||    37

Table legend:
 A = Non-vault XP
 B = Vault XP
 C = Vault XP percentage of total XP
 D = Non-vault monster count
 E = Vault monster count
 F = Vault count percentage of total count
                 A         B        C        D         E       F
            +---------+---------+-------+---------+---------+-------
      Total |     302 |       9 |   2.9 |      67 |       6 |   8.2
            +---------+---------+-------+---------+---------+-------
        D:1 |      46 |       9 |  16.4 |      28 |       6 |  17.6
        D:2 |      29 |       0 |   0.0 |      14 |       0 |   0.0
        D:3 |     116 |       0 |   0.0 |      23 |       0 |   0.0
        D:4 |     111 |       0 |   0.0 |       2 |       0 |   0.0
            +---------+---------+-------+---------+---------+-------
